 Dungeon Crawl Stone Soup version 0.30.1-4-g462c640d31 (webtiles) character file.

Game seed: 8659915020181700129

28 growler the Trooper (level 3, 29/29 HPs)
             Began as a Demonspawn Gladiator on Aug 15, 2023.
             Quit the game on level 2 of the Dungeon.
             The game lasted 00:01:54 (925 turns).

growler the Trooper (Demonspawn Gladiator)           Turns: 925, Time: 00:01:54

Health: 29/29      AC:  7    Str: 14    XL:     3   Next: 0%
Magic:  3/3        EV: 12    Int: 11    God:
Gold:   73         SH:  0    Dex: 14    Spells: 2/2 levels left

rFire   . . .        a - +0 war axe
rCold   . . .        (no shield)
rNeg    . . .        b - +0 leather armour
rPois   .            c - +0 helmet
rElec   .            (no cloak)
rCorr   .            k - +2 pair of gloves
SInv    .            (no boots)
Will    +....        (no amulet)
Stlth   +            j - ring of willpower
HPRegen 2.24/turn    (no ring)
MPRegen 0.08/turn

%: no passive effects
@: no status effects
A: powered by death 1, weakness stinger 1
a: no special abilities


You were on level 2 of the Dungeon.
You visited 1 branch of the dungeon, and saw 2 of its levels.

You collected 73 gold pieces.

Inventory:

Hand Weapons
 a - a +0 war axe (weapon)
Missiles
 d - 3 throwing nets (quivered)
 e - a javelin
Armour
 b - a +0 leather armour (worn)
 c - a +0 helmet (worn)
 k - a +2 pair of gloves (worn)
Jewellery
 j - a ring of willpower (left hand)
Scrolls
 f - 3 scrolls of identify {unknown}
 g - a scroll of enchant weapon {unknown}
 h - a scroll of blinking {unknown}
 i - a scroll of teleportation {unknown}
 l - a scroll of poison {unknown}
 m - a scroll of noise {unknown}
 n - a scroll of fear {unknown}
Potions
 o - a potion of attraction {unknown}


   Skills:
 + Level 3.4 Fighting
 + Level 2.8 Axes
 - Level 1.7 Throwing
 - Level 2.6 Dodging


You had 2 spell levels left.
You didn't know any spells.
Your spell library contained the following spells:

 Spells                   Type           Power      Damage    Failure   Level
 Beastly Appendage        Tmut           0%         N/A       41%         1
 Wereblood                Tmut           0%         N/A       56%         2
 Spider Form              Tmut/Pois      0%         N/A       80%         3
 Summon Ice Beast         Ice/Summ       0%         N/A       99%         4
 Summon Mana Viper        Hex/Summ       0%         N/A       100%        5
 Monstrous Menagerie      Summ           0%         N/A       100%        7


Dungeon Overview and Level Annotations

Branches:
Dungeon (2/15)

Altars:


Innate Abilities, Weirdness & Mutations

You regenerate a little health from kills.
You have a small tail.


Message History

You barely miss the jackal.
The jackal is heavily wounded.
You closely miss the jackal. You hit the rat but do no damage.
You barely miss the jackal.
The jackal bites you but does no damage. x3
The rat bites you but does no damage. The jackal barely misses you.
The jackal bites you but does no damage.
The jackal bites you.
You barely miss the jackal.
The jackal is heavily wounded.
You slash the jackal!
You kill the jackal!
You barely miss the jackal. You hit the rat.
You kill the rat!
The jackal bites you but does no damage.
The jackal barely misses you. The jackal closely misses you.
The jackal misses you.
You hit the jackal but do no damage.
The jackal is heavily wounded.
You hit the jackal. The jackal closely misses you. x2
Unknown command.
You closely miss the jackal.
The jackal is heavily wounded.
You hit the jackal but do no damage. The jackal closely misses you. x2
The jackal barely misses you.
The jackal stops to sniff the ground.
The jackal misses you.
Unknown command.
You hit the jackal.
You kill the jackal!
You closely miss the jackal. The jackal closely misses you.
The jackal barely misses you.
You have reached level 3!
Your experience leads to an increase in your attributes!
Increase (S)trength, (I)ntelligence, or (D)exterity?
You feel clever. x2
You feel monstrous as your demonic heritage exerts itself.
Your demonic ancestry asserts itself...
You grow a small tail.
Are you sure you want to abandon this character and quit the game? (Confirm with "yes".)

... .## ... ....## $...
#...... ... .....
#......#... .....##
####..........
.......##............
......$†......# ...# #
......h@.[....##..# ...
######†.......#...#....
#...!......#......
#................. #.
#......#[####..... #.
####.....####..... #.
#.............. #.
##†...†###..... #.##
#..†.......#..


You could see a jackal.

Vanquished Creatures
  A dart slug (D:1)
  2 bats (D:1)
  2 endoplasms (D:1)
  2 giant cockroaches (D:1)
  2 goblins
  5 hobgoblins
  3 jackals (D:2)
  2 frilled lizards (D:2)
  A kobold (D:1)
  3 rats
23 creatures vanquished.

Notes
Turn   | Place    | Note
-------+----------+-------------------------------------------
     0 | D:1      | growler the Demonspawn Gladiator began the quest for the
                  | Orb.
     0 | D:1      | Reached XP level 1. HP: 16/16 MP: 1/1
   142 | D:1      | Gained mutation: You regenerate a little health from kills.
                  | [demonic ancestry]
   142 | D:1      | Reached XP level 2. HP: 23/23 MP: 2/2
   205 | D:1      | Reached skill level 3 in Fighting
   478 | D:1      | Found a faded altar of an unknown god.
   925 | D:2      | Discovered your monstrous ancestry.
   925 | D:2      | Gained mutation: You have a small tail. [demonic ancestry]
   925 | D:2      | Reached XP level 3. HP: 29/29 MP: 3/3
   925 | D:2      | Quit the game

Illustrated notes

Levels and vault maps discovered:
D:1:      scummos_arrival_gate, layout_loops_corners,
          hellmonk_ecumenical_altar_lost_god, minmay_strange_pillars
D:2:      layout_rooms, basic_altar, uniq_jessica

Skill      XL: |  1  2 |
---------------+-------+-----
Fighting       | 3 |  3.4
Axes           | |  2.8
Throwing       | |  1.7
Dodging        | |  2.6

Action                     || total
---------------------------++-------
  Melee: War axe           ||    62
         Punch             ||     2
 Armour: Leather armour    ||    41
  Dodge: Dodged            ||    60
